 Dungeon Crawl Stone Soup version 0.24-a0-524-gf43b32f898 (webtiles) character file.

Game seed: 14807895793159688029

3665 Flugkiller the Cutter (level 10, -3/71 HPs)
             Began as an Octopode Assassin on July 31, 2019.
             Was an Initiate of Uskayaw.
             Slain by a warg (13 damage)
             ... on level 7 of the Dungeon.
             The game lasted 00:17:05 (11095 turns).

Flugkiller the Cutter (Octopode Assassin)          Turns: 11095, Time: 00:17:06

Health: -3/71      AC:  3    Str: 10    XL:     10   Next: 12%
Magic:  7/13       EV: 14    Int: 14    God:    Uskayaw [......]
Gold:   312        SH: 15    Dex: 17    Spells: 9/9 levels left

rFire    . . .     SeeInvis +   j - +1 dagger (venom)
rCold    . . .     Gourm    .   m - +2 large shield
rNeg     . . .     Faith    .   (helmet restricted)
rPois    .         Spirit   .   (no amulet)
rElec    .         Reflect  .   q - +2 ring of protection
rCorr    .         Harm     .   p - ring of wizardry
MR       .....                  z - ring of see invisible
Stlth    ++++......             (no ring)
HPRegen  0.21/turn              (no ring)
MPRegen  0.13/turn              (no ring)
                                (no ring)
                                (no ring)

@: no status effects
A: almost no armour, stealthy swim, amphibious, 8 rings, constrict 8, camouflage
1, gelatinous body 1
a: Renounce Religion


You were on level 7 of the Dungeon.
You worshipped Uskayaw.
Uskayaw was noncommittal.
You were not hungry.

You visited 1 branch of the dungeon, and saw 8 of its levels.
You also visited: Ossuary.

You collected 372 gold pieces.
You spent 60 gold pieces at shops.

Inventory:

Hand Weapons
 a - a +3 dagger
 j - a +1 dagger of venom (weapon)
   (You took it off an orc wizard on level 7 of the Dungeon)
Missiles
 b - 7 poisoned darts (quivered)
 c - 2 curare-tipped darts
Armour
 m - a +2 large shield (worn)
   (You found it on level 2 of the Dungeon)
Jewellery
 p - a ring of wizardry (right tentacle)
   (You found it on level 2 of the Dungeon)
 q - a +2 ring of protection (left tentacle)
   (You found it on level 3 of the Dungeon)
 z - a ring of see invisible (on tentacle)
   (You found it on level 5 of the Dungeon)
Wands
 C - a wand of iceblast (5)
   (You found it on level 7 of the Dungeon)
Scrolls
 i - 2 scrolls of remove curse
 l - 2 scrolls of blinking
 n - 4 scrolls of enchant weapon
 o - 2 scrolls of amnesia
 x - a scroll of immolation
 y - 5 scrolls of teleportation
 A - a scroll of fog {unknown}
Potions
 e - 5 potions of heal wounds
 f - 2 potions of agility
 g - 5 potions of brilliance
 h - 5 potions of curing
 k - 2 potions of ambrosia
 r - 3 potions of flight
 s - 2 potions of haste {unknown}
 t - 2 potions of lignification {unknown}
 u - a potion of degeneration {unknown}
 v - a potion of cancellation {unknown}
 w - a potion of might {unknown}
Comestibles
 d - 9 rations


   Skills:
 + Level 7.3 Fighting
 + Level 7.3 Short Blades
 - Level 2.0 Throwing
 + Level 7.1 Dodging
 - Level 5.3 Stealth
 + Level 5.2 Shields
 + Level 5.1 Invocations


You had 9 spell levels left.
You didn't know any spells.
Your spell library was empty.

Dungeon Overview and Level Annotations

Branches:
Dungeon (8/15)             Temple (0/1) D:7
   Lair: D:8-11

Altars:
Ashenzari
Fedhas
Gozag
Makhleb
Nemelex Xobeh
Okawaru
Qazlal
Ru
Sif Muna
Uskayaw
Vehumet
Zin
The Shining One

Shops:
D:6 !

Annotations:
D:2 Sigmund
D:3 Grinder
D:4 2 transporters, Necrophagist's ghost, amateur DECj
D:7 exclusion: 4 killer bees


Innate Abilities, Weirdness & Mutations

You cannot wear most types of armour.
You are very stealthy in the water. (Stealth+)
You are amphibious.
You can wear up to eight rings at the same time.
You can use your tentacles to constrict eight enemies at once.
Your skin changes colour to match your surroundings (Stealth+).
Your rubbery body absorbs attacks. (AC +1, EV +1)


Message History

The warg barely misses you.
The orc priest mumbles some strange prayers to Beogh against you.
Beogh smites you!
* * * LOW HITPOINT WARNING * * *
The warg bites you!
* * * LOW HITPOINT WARNING * * *
The orc priest mumbles some strange prayers to Beogh against you.
You struggle to resist.
Unknown command.
You feel much better. The warg closely misses you.
Unknown command.
Unknown command.
You hit the warg but do no damage.
The warg is poisoned.
You block the warg's attack.
Unknown command.
You hit the warg. Your squeeze misses the warg.
The warg is lightly wounded.
You block the warg's attack.
Unknown command.
You hit the warg. You squeeze the warg.
The warg is moderately wounded.
The warg bites you!
* * * LOW HITPOINT WARNING * * *
Your shield prevents you from hitting the warg.
The warg is moderately wounded.
The warg bites you but does no damage.
Unknown command.
Your shield prevents you from hitting the orc priest.
Your grab misses the orc priest.
The orc priest is severely wounded.
The warg bites you!
* * * LOW HITPOINT WARNING * * *
You stomp with the beat, sending a shockwave through the revelers around you!
The warg is severely wounded.
You kill the orc priest!
You feel somewhat more hungry.
You can no longer stomp with the beat.
You block the warg's attack.
You can now stomp with the beat.
Unknown command.
You stomp with the beat, sending a shockwave through the revelers around you!
The warg is almost dead.
You feel somewhat more hungry.
You can no longer stomp with the beat.
The warg barely misses you.
Unknown command.
You hit the warg but do no damage.
The warg is almost dead.
The warg bites you!
You die...

###..# .....# ))...#
)....###### ..........#
######### ..........#
#........ .###......#
###.########y .# #......#
#.[[#...yyy..
.###......######@#[#.#######
.'.'.............h>#.......#
.#.#......###.####.#######.#
.#.#......# #.####...#.....#
##.#......# #.#..........###
.......#### #.#.####......#
.......# #...#......#..#
.......# #####.###.....#
.......# #...#....##


You could see a warg.

Vanquished Creatures
  A warg (D:7)
  Duvessa (D:5)
  An orc warrior (D:7)
  A black bear (D:7)
  A phantom (D:7)
  An ice beast (D:5)
  A necrophage (D:7)
  2 ogres (D:6)
  A centaur (D:7)
  3 bullfrogs
  Blork the orc (D:5)
  8 scorpions
  Dowan (D:5)
  3 killer bees (D:5)
  13 wights
  3 crimson imps
  A jelly (D:7)
  4 centaur zombies (Ossuary)
  2 human zombies (Ossuary)
  7 orc priests
  10 orc wizards
  A bullfrog skeleton (D:6)
  2 iguanas
  4 worker ants
  3 big kobold zombies (Ossuary)
  2 hound skeletons (D:7)
  3 mummies (Ossuary)
  A howler monkey zombie (D:6)
  7 adders
  7 gnolls
  5 scorpion zombies (Ossuary)
  A shadow imp (D:5)
  2 oozes (D:1)
  2 adder skeletons
  5 worms
  7 leopard geckos
  19 orcs
  A ball python (D:2)
  6 hobgoblins
  14 jackals
  4 quokkas
  2 bats (D:2)
  9 frilled lizards
  6 goblins
  A goblin zombie (Ossuary)
  A hobgoblin zombie (Ossuary)
  5 kobolds
  3 kobold zombies (Ossuary)
  A quokka skeleton (D:7)
  13 rats
203 creatures vanquished.

Vanquished Creatures (others)
  A kobold zombie (Ossuary)
1 creature vanquished.

Grand Total: 204 creatures vanquished

Notes
Turn   | Place    | Note
-------+----------+-------------------------------------------
     0 | D:1      | Flugkiller the Octopode Assassin began the quest for the
                  | Orb.
     0 | D:1      | Reached XP level 1. HP: 14/14 MP: 1/1
    98 | D:1      | Reached XP level 2. HP: 17/19 MP: 2/2
   222 | D:1      | Reached XP level 3. HP: 25/25 MP: 3/3
   987 | D:2      | Noticed Sigmund
  1175 | D:3      | Noticed Grinder
  1452 | D:2      | Reached XP level 4. HP: 30/30 MP: 4/4
  1502 | D:2      | Found a shattered altar of Ashenzari.
  2491 | D:3      | Reached XP level 5. HP: 36/36 MP: 5/5
  2818 | D:3      | Found a blossoming altar of Fedhas.
  3216 | D:4      | Noticed an ogre
  3217 | D:4      | Noticed Necrophagist's ghost (amateur DECj)
  3257 | D:4      | Found a sparkling altar of Nemelex Xobeh.
  3330 | D:4      | Reached XP level 6. HP: 43/43 MP: 6/6
  3340 | D:4      | Found a deep blue altar of Sif Muna.
  3377 | D:4      | Found a burning altar of Makhleb.
  3383 | D:4      | Noticed a green death
  3392 | D:4      | Found a glowing silver altar of Zin.
  3392 | D:4      | Noticed an angel
  3434 | D:4      | Found a transporter.
  3439 | D:4      | Found a transporter.
  3509 | D:4      | Found a sand-covered staircase.
  3516 | Ossuary  | Entered an ossuary
  4034 | Ossuary  | Reached XP level 7. HP: 22/49 MP: 7/7
  4460 | Ossuary  | Reached skill level 5 in Short Blades
  4586 | Ossuary  | Reached skill level 5 in Fighting
  4829 | Ossuary  | Reached skill level 5 in Dodging
  4829 | Ossuary  | Reached XP level 8. HP: 43/55 MP: 8/8
  5071 | D:4      | Found a sacrificial altar of Ru.
  5224 | D:4      | Found a hide-covered altar of Uskayaw.
  5545 | D:4      | Became a worshipper of Uskayaw the Reveler
  5585 | D:5      | Entered Level 5 of the Dungeon
  5618 | D:4      | Reached * piety under Uskayaw
  6105 | D:5      | Reached ** piety under Uskayaw
  6107 | D:5      | Reached *** piety under Uskayaw
  6310 | D:5      | Noticed Duvessa
  6313 | D:5      | Noticed Dowan
  6566 | D:5      | Reached **** piety under Uskayaw
  7233 | D:5      | Noticed Blork the orc
  7271 | D:5      | Reached ***** piety under Uskayaw
  7274 | D:5      | Killed Blork the orc
  7566 | D:5      | Killed Dowan
  7908 | D:5      | Reached XP level 9. HP: 53/63 MP: 9/9
  8069 | D:5      | Killed Duvessa
  8319 | D:6      | Found Gaejose's Distillery.
  8323 | D:6      | Bought a potion of heal wounds for 60 gold pieces
  8483 | D:6      | Reached skill level 1 in Invocations
  8692 | D:6      | Found a glowing golden altar of the Shining One.
  9467 | D:7      | Reached skill level 1 in Shields
 10063 | D:7      | Reached skill level 5 in Invocations
 10233 | D:7      | Found a staircase to the Ecumenical Temple.
 10335 | D:7      | Found a glowing golden altar of the Shining One.
 10437 | D:7      | Found a radiant altar of Vehumet.
 10438 | D:7      | Found an iron altar of Okawaru.
 10439 | D:7      | Found a stormy altar of Qazlal.
 10442 | D:7      | Found an opulent altar of Gozag.
 10474 | D:7      | Reached XP level 10. HP: 66/71 MP: 13/13
 10641 | D:7      | Reached skill level 5 in Shields
 11095 | D:7      | Slain by a warg

Levels and vault maps discovered:
D:1:      co_arrival_square_in_a_square_in_a_square, layout_basic,
          minmay_rat_gold_closets
D:2:      layout_basic, lemuel_coloured_pillars_altar, uniq_sigmund
D:3:      layout_loops_corners, fedhas_altar_4, st_stairs_7,
          kennysheep_pointless_box, minmay_statues_item, uniq_grinder
D:4:      layout_basic, grunt_temple_overflow_order_and_chaos_2,
          kennysheep_mini_moat, led_sif_pool, lemuel_doored_altar,
          nicolae_overflow_crystal_walls, gammafunk_ghost_arena,
          chequers_ossuary_entry_cave
D:5:      layout_basic, first_ration, uniq_duvessa, uniq_blork_the_orc
D:6:      layout_loops_ring, serial_shops, shop, nicolae_tso_carved_into_rock
D:7:      layout_basic, minitemple, lemuel_crystal_altar,
          minmay_temple_entry_gardened_gates
D:8:      layout_loops_ring, erik_lair_orcish_takeover, jmf_multi_god_temple

Skill      XL: |  1  2  3  4  5  6  7  8  9 10 |
---------------+-------------------------------+-----
Dodging        | 2 3 4 5 6 7 |  7.1
Short Blades   | 3 4 5 6 7 |  7.3
Fighting       | 3 4 5 6 7 |  7.3
Invocations    | 5 |  5.1
Shields        | 4 5 |  5.2
Throwing       | |  2.0
Stealth        | |  5.3

Action                   |  1- 3 |  4- 6 |  7- 9 | 10-12 || total
-------------------------+-------+-------+-------+-------++-------
Melee: Dagger            |    76 |   168 |   424 |    37 ||   705
       Tentacles         |    14 |    35 |    96 |     7 ||   152
       Constrict         |    17 |    35 |    71 |     6 ||   129
Throw: Dart              |       |     1 |    16 |       ||    17
Invok: Stomp             |       |       |     5 |     3 ||     8
       Line Pass         |       |       |     1 |       ||     1
Evoke: Wand              |       |       |       |     3 ||     3
  Use: Scroll            |       |     8 |    10 |     1 ||    19
       Potion            |       |       |     1 |     1 ||     2
 Stab: Sleeping          |    17 |     4 |    18 |       ||    39
       Paralysed         |       |       |    10 |     2 ||    12
       Distracted        |       |       |     2 |       ||     2
       Confused          |       |       |     1 |       ||     1
  Eat: Chunk             |     2 |     6 |    13 |     2 ||    23
       Ration            |       |       |     3 |       ||     3
Armor: Skin              |     5 |     5 |    23 |     1 ||    34
Dodge: Dodged            |    30 |    81 |   189 |    10 ||   310
Block: Large shield      |       |     2 |     6 |    18 ||    26

Table legend:
 A = Non-vault XP
 B = Vault XP
 C = Vault XP percentage of total XP
 D = Non-vault monster count
 E = Vault monster count
 F = Vault count percentage of total count
                 A         B        C        D         E       F
            +---------+---------+-------+---------+---------+-------
      Total |    3708 |    1528 |  29.2 |     158 |      45 |  22.2
            +---------+---------+-------+---------+---------+-------
        D:1 |      38 |       8 |  17.4 |      16 |       8 |  33.3
        D:2 |      40 |       0 |   0.0 |      16 |       0 |   0.0
        D:3 |     178 |       3 |   1.7 |      30 |       2 |   6.2
        D:4 |     109 |       0 |   0.0 |      11 |       0 |   0.0
        D:5 |    1002 |     300 |  23.0 |      35 |       3 |   7.9
        D:6 |     866 |       0 |   0.0 |      20 |       0 |   0.0
        D:7 |    1475 |     338 |  18.6 |      30 |       3 |   9.1
    Ossuary |       0 |     879 | 100.0 |       0 |      29 | 100.0
            +---------+---------+-------+---------+---------+-------
